[Event "Titled Tuesday Blitz May 9 Early 2023"]
[White "Richter, Paul"]
[Black "Ciuffoletti, Paolo"]
[WhiteFideId "2046350"]
[BlackFideId "807630"]
[WhiteElo "2542"]
[BlackElo "2143"]
[Result "1-0"]
[Round "01"]
[TimeControl "180+2"]
[Date "2023.05.09"]
[WhiteClock "0:00:28"]
[BlackClock "0:00:00"]

1. e4 c5 2. Nf3 Nc6 3. d4 cxd4 4. Nxd4 Nf6 5. Nc3 e5 6. Ndb5 d6 7. Bg5 a6 8. Na3 b5 9. Bxf6 gxf6 10. Nd5 f5 11. Nxb5 axb5 12. Bxb5 Bd7 13. exf5 Ra5 14. a4 Bg7 15. Qg4 O-O 16. Bxc6 h5 17. Qg3 h4 18. Qg4 Rxd5 19. Bxd5 Qa5+ 20. c3 Qxd5 21. O-O e4 22. Rfd1 Qxf5 23. Qxf5 Bxf5 24. Rxd6 Rb8 25. a5 Rxb2 26. a6 e3 27. a7 exf2+ 28. Kf1 Be4 29. Ra4 Bb7 30. Rb4 1-0


[Site "https://www.chess.com"]

[Event "Titled Tuesday Blitz May 9 Early 2023"]
[White "Chemin, Justo Reinaldo"]
[Black "Boldoo, Erdenepurev"]
[WhiteFideId "2101580"]
[BlackFideId "4901037"]
[WhiteElo "1940"]
[BlackElo "2299"]
[Result "0-1"]
[Round "01"]
[TimeControl "180+2"]
[Date "2023.05.09"]
[WhiteClock "0:00:00"]
[BlackClock "0:00:31"]

1. d4 Nf6 2. Nf3 d5 3. b3 c6 4. Bb2 Bf5 5. Nbd2 h6 6. e3 e6 7. Bd3 Bxd3 8. cxd3 Nbd7 9. O-O Be7 10. e4 O-O 11. e5 Ne8 12. h3 Nc7 13. Nh2 c5 14. dxc5 Nxc5 15. d4 Nd3 16. Bc1 Nb5 17. Ndf3 Nxc1 18. Rxc1 Ba3 19. Rc2 Rc8 20. Qd3 Rxc2 21. Qxc2 Qd7 22. Ng4 Rc8 23. Qd2 Qd8 24. h4 a5 25. g3 Bb4 26. Qe3 Nc3 27. a4 Bf8 28. Kg2 Qb6 29. Rc1 Qxb3 30. Qf4 Ne2 31. Rxc8 Nxf4+ 32. gxf4 Qxa4 33. f5 exf5 34. e6 fxe6 35. Nge5 b5 36. Ng6 Kf7 37. Nfe5+ Kf6 0-1


[Site "https://www.chess.com"]

[Event "Titled Tuesday Blitz May 9 Early 2023"]
[White "Tomaszewski, Kacper"]
[Black "Ruge, Edison"]
[WhiteFideId "1127373"]
[BlackFideId "4401000"]
[WhiteElo "2211"]
[BlackElo "2175"]
[Result "1-0"]
[Round "01"]
[TimeControl "180+2"]
[Date "2023.05.09"]
[WhiteClock "0:00:09"]
[BlackClock "0:00:00"]

1. e3 e5 2. d4 d6 3. c4 Nc6 4. Nc3 Bf5 5. a3 Bg6 6. Nf3 f5 7. Be2 e4 8. Nd2 Nf6 9. b4 Be7 10. b5 Nb8 11. Qb3 O-O 12. O-O Kh8 13. a4 Nbd7 14. Ba3 Qe8 15. Rfc1 Bh5 16. Bf1 Qg6 17. Nd5 Bd8 18. Nf4 Qh6 19. c5 Bf7 20. Qb2 g5 21. Ne2 dxc5 22. dxc5 c6 23. Ng3 Qg6 24. Nc4 Bxc4 25. Bxc4 Bc7 26. Be6 Be5 27. Qb3 f4 28. Bf5 Qg7 29. Nf1 Nd5 30. Bxd7 Qxd7 31. Bb2 Qg7 32. Rab1 Bxb2 33. Qxb2 Qxb2 34. Rxb2 fxe3 35. Nxe3 Nxe3 36. fxe3 Rf7 37. bxc6 bxc6 38. Rf1 Raf8 39. Rxf7 Rxf7 40. Rb8+ Kg7 41. Rc8 Kf6 42. Rxc6+ Kf5 43. Kf2 Rb7 44. Ra6 h5 45. c6 Rb2+ 46. Kf1 Rc2 47. Rxa7 Rxc6 48. h3 g4 49. Ra5+ Kg6 50. h4 g3 51. Rg5+ Kf6 52. Rxg3 Rc1+ 53. Kf2 Rc2+ 54. Kg1 Ra2 55. Rg5 Rxa4 56. Rxh5 Ra3 57. Kf2 Ra2+ 58. Kg3 Ra1 59. Rh6+ Kf5 60. Rb6 Rf1 61. Rb5+ Kg6 62. Kg4 Rf2 63. Rb6+ Kg7 64. Kg3 Rf1 65. Rb4 Kg6 66. Rxe4 Kh6 67. Rg4 Kh5 68. Rg5+ Kh6 69. e4 Rf7 70. e5 Rf1 71. Kg4 Rf2 72. g3 Rf1 73. h5 Rf2 74. Rg6+ Kh7 75. Kg5 Rf1 76. e6 Rf2 77. g4 Rf1 78. Rf6 Re1 79. Rf7+ Kg8 80. Kf6 Rf1+ 81. Ke7 Rg1 82. Rf4 Ra1 83. h6 Ra7+ 84. Kf6 Kh7 85. g5 Ra8 86. g6+ Kg8 87. h7+ Kh8 88. g7+ 1-0


[Site "https://www.chess.com"]

[Event "Titled Tuesday Blitz May 9 Early 2023"]
[White "Larina, Maria"]
[Black "Zaragatski, Ilja"]
[WhiteFideId "24113182"]
[BlackFideId "4655192"]
[WhiteElo "1848"]
[BlackElo "2460"]
[Result "0-1"]
[Round "01"]
[TimeControl "180+2"]
[Date "2023.05.09"]
[WhiteClock "0:00:03"]
[BlackClock "0:00:36"]

1. e4 d5 2. exd5 Qxd5 3. Nc3 Qd8 4. Nf3 Nf6 5. d4 Bf5 6. h3 e6 7. g4 Bg6 8. Bg2 c6 9. Ne5 Nbd7 10. Nxg6 hxg6 11. Bf4 Bb4 12. O-O O-O 13. Bg5 Qc7 14. Qf3 Nd5 15. Ne4 Be7 16. Bxe7 Nxe7 17. c4 Rad8 18. Rad1 Nc8 19. Rd2 Ndb6 20. b3 Qe7 21. Rfd1 Nd7 22. Qg3 Nf6 23. Nc5 Nd6 24. a4 g5 25. f4 gxf4 26. Qxf4 Nd7 27. Nd3 g5 28. Qe3 Kg7 29. Ne5 f6 30. Nf3 Rh8 31. Re1 Nf8 32. Rde2 Re8 33. d5 cxd5 34. cxd5 e5 35. Qxa7 Ng6 36. Rc2 Nf4 37. Qb6 Rc8 38. Rec1 Ne2+ 39. Rxe2 Rxc1+ 40. Kh2 e4 41. Nd4 Qe5# 0-1


[Site "https://www.chess.com"]

[Event "Titled Tuesday Blitz May 9 Early 2023"]
[White "egorchess95"]
[Black "KSho99"]
[WhiteElo "2533"]
[BlackElo "2160"]
[Result "1-0"]
[Round "01"]
[TimeControl "180+2"]
[Date "2023.05.09"]
[WhiteClock "0:00:49"]
[BlackClock "0:00:00"]

1. e4 e6 2. d4 d5 3. e5 c5 4. c3 Qb6 5. Nf3 Bd7 6. Bd3 Bb5 7. dxc5 Bxc5 8. b4 Bxd3 9. Qxd3 Bf8 10. a4 Ne7 11. Be3 Qc7 12. Na3 a6 13. c4 Nbc6 14. O-O Nxb4 15. Qb3 Nec6 16. cxd5 Nxd5 17. Nc4 Nxe3 18. Qxe3 Be7 19. Qe4 O-O 20. Rfb1 Rfd8 21. Rb2 Bb4 22. Ng5 g6 23. Qh4 h5 24. Ne4 Nxe5 25. Rxb4 Nxc4 26. Rxc4 Qe5 27. Re1 Rac8 28. Rxc8 Rxc8 29. h3 Kg7 30. f3 Qd4+ 31. Kh2 Rc2 32. Qe7 Qb2 33. Rg1 Re2 34. Nd6 Qe5+ 35. Kh1 Qf6 36. Ne8+ 1-0


[Site "https://www.chess.com"]

[Event "Titled Tuesday Blitz May 9 Early 2023"]
[White "Kokoszczynski, Jan"]
[Black "Fabris, Alberto"]
[WhiteFideId "1174460"]
[BlackFideId "801348"]
[WhiteElo "2139"]
[BlackElo "2152"]
[Result "1-0"]
[Round "01"]
[TimeControl "180+2"]
[Date "2023.05.09"]
[WhiteClock "0:00:40"]
[BlackClock "0:00:16"]

1. e4 c5 2. Nf3 d6 3. d4 cxd4 4. Qxd4 Nc6 5. Bb5 Bd7 6. Qd3 Nf6 7. Nc3 g6 8. Bg5 Bg7 9. O-O-O Qc7 10. Kb1 a6 11. Bc4 Nb4 12. Qe2 O-O 13. Bb3 Be6 14. Nd4 Bxb3 15. cxb3 e6 16. Rc1 Qb6 17. Be3 Qd8 18. Rhd1 Nc6 19. f3 Qe7 20. Qd2 Rfd8 21. Nxc6 bxc6 22. Na4 c5 23. Bh6 Bh8 24. Bg5 Rab8 25. Qa5 Qb7 26. Nxc5 Qb6 27. Qxb6 Rxb6 28. e5 Rc8 29. exd6 Nd5 30. d7 1-0


[Site "https://www.chess.com"]

[Event "Titled Tuesday Blitz May 9 Early 2023"]
[White "Sha_Moo"]
[Black "Nguyen, Hong Anh"]
[BlackFideId "12406732"]
[WhiteElo "2152"]
[BlackElo "2054"]
[Result "0-1"]
[Round "01"]
[TimeControl "180+2"]
[Date "2023.05.09"]
[WhiteClock "0:01:28"]
[BlackClock "0:01:28"]

1. e4 c5 2. Nf3 Nc6 3. d4 cxd4 4. Nxd4 g6 5. c4 Nf6 6. Nc3 d6 7. Be2 Nxd4 8. Qxd4 Bg7 9. Bg5 O-O 10. Qd2 Be6 11. O-O Qa5 12. Rac1 Rfc8 13. Be3 Bxc4 14. Bxc4 Rxc4 15. f3 Rac8 16. Rc2 b5 17. Rfc1 a6 18. a3 Qd8 19. Nd5 Nxd5 20. exd5 Rxc2 21. Rxc2 Rxc2 22. Qxc2 Bf6 23. b3 Qa5 24. Bh6 Qe1# 0-1


[Site "https://www.chess.com"]

[Event "Titled Tuesday Blitz May 9 Early 2023"]
[White "Mrudul Dehankar"]
[Black "Jaivardhan Raj"]
[WhiteFideId "25096990"]
[BlackFideId "25744437"]
[WhiteElo "2139"]
[BlackElo "1772"]
[Result "1/2-1/2"]
[Round "01"]
[TimeControl "180+2"]
[Date "2023.05.09"]
[WhiteClock "0:00:17"]
[BlackClock "0:00:12"]

1. e4 c5 2. Nf3 e6 3. d4 cxd4 4. Nxd4 Nc6 5. Nc3 a6 6. Be2 Qc7 7. f4 Bb4 8. Nxc6 Qxc6 9. Qd4 Bf8 10. Be3 d6 11. Bf3 Qc7 12. O-O-O Nf6 13. g4 Nd7 14. Kb1 b5 15. h4 Bb7 16. h5 Rc8 17. g5 e5 18. Qd2 Be7 19. f5 Nb6 20. Qf2 Nc4 21. Bc1 b4 22. Nd5 Bxd5 23. exd5 Na5 24. Be4 Qd8 25. Rhg1 Nb7 26. Rdf1 Nc5 27. Bh1 Nd7 28. f6 gxf6 29. Be4 Rc4 30. Bf5 Qc7 31. g6 hxg6 32. hxg6 fxg6 33. Bxg6+ Kd8 34. Bf5 Re8 35. Rg7 Kc8 36. Qg2 Kb7 37. Qg6 Qc8 38. Qf7 Rc7 39. Rfg1 a5 40. Rg8 Rxg8 41. Rxg8 Bd8 42. Qe6 a4 43. Qxd6 b3 44. axb3 axb3 45. c3 Kb8 46. Qe6 Rb7 47. Rg7 Nb6 48. Qxc8+ Nxc8 49. Rxb7+ Kxb7 50. Be3 Nd6 51. Bg4 Nc4 52. Be2 Nxe3 53. Kc1 Nf5 54. Kd2 Nd6 55. Kd3 Bb6 56. c4 Kc7 57. Kc3 Bd4+ 58. Kxb3 Kb6 59. Kb4 Bxb2 60. c5+ Kc7 61. cxd6+ Kxd6 62. Kc4 Bd4 63. Bf3 f5 64. Bg2 Be3 65. Kd3 Bf4 66. Kc4 e4 67. Kd4 Be5+ 68. Kc4 e3 69. Kd3 f4 70. Bf3 Kc5 71. Ke4 Bd6 72. Kd3 Kb4 73. Bg2 Kb3 74. Bf3 Kb2 75. Ke2 Kc2 76. Bg2 Kc3 77. Bf3 Kd4 78. Bg2 Ke5 79. Bf3 Kf5 80. Bg2 Kg5 81. Bf3 Kh4 82. Be4 Kg3 83. Bf3 Kh2 84. Be4 Kg3 85. Bf3 Kh4 86. Be4 Be5 87. Bf3 Kg5 88. Be4 Kf6 89. Bf3 Ke7 90. Bg2 Kd6 91. Bf3 Bd4 92. Kd3 Be5 93. Ke2 Bd4 94. Kd3 Ke5 95. Bg2 Bc5 96. Bf3 Bd6 97. Ke2 Kd4 98. Bg2 Kc3 99. Bf3 Kc2 100. Bg2 Kc3 1/2-1/2


[Site "https://www.chess.com"]

[Event "Titled Tuesday Blitz May 9 Early 2023"]
[White "Tuleyeva-Aketayeva, Dana"]
[Black "Lehtosaari, Mauri"]
[WhiteFideId "13701932"]
[BlackFideId "501999"]
[WhiteElo "2030"]
[BlackElo "2530"]
[Result "0-1"]
[Round "01"]
[TimeControl "180+2"]
[Date "2023.05.09"]
[WhiteClock "0:00:02"]
[BlackClock "0:00:20"]

1. d4 d5 2. Nf3 Nf6 3. g3 c6 4. Bg2 Bf5 5. O-O e6 6. c4 Nbd7 7. Nc3 Be7 8. Nd2 O-O 9. e4 dxe4 10. Ndxe4 Nxe4 11. Nxe4 Nf6 12. Nc3 h6 13. d5 Rc8 14. Be3 c5 15. dxe6 Bxe6 16. Nd5 b6 17. Nxe7+ Qxe7 18. Qc2 Rfd8 19. Rad1 Bg4 20. Rxd8+ Rxd8 21. h3 Bh5 22. a3 Qd7 23. b4 Qd6 24. bxc5 bxc5 25. g4 Bg6 26. Qa4 Qb6 27. Qb5 Rc8 28. a4 Qc7 29. a5 Be4 30. Bxe4 Nxe4 31. Qb1 Ng5 32. h4 Nf3+ 33. Kg2 Nxh4+ 34. Kh3 Ng6 35. Qf5 a6 36. Rb1 Qc6 37. Rb6 Qh1+ 38. Kg3 Re8 39. Qf3 Qh4+ 40. Kg2 Qe7 41. Rxa6 Nh4+ 42. Kg3 Nxf3 43. Kxf3 Qe4+ 44. Kg3 Qxc4 45. Rb6 Qe4 46. Bxc5 Qe5+ 47. f4 Qxc5 0-1


[Site "https://www.chess.com"]

[Event "Titled Tuesday Blitz May 9 Early 2023"]
[White "ArtemDyachuk"]
[Black "Necula, Iulian"]
[BlackFideId "1232380"]
[WhiteElo "2529"]
[BlackElo "1790"]
[Result "1-0"]
[Round "01"]
[TimeControl "180+2"]
[Date "2023.05.09"]
[WhiteClock "0:01:14"]
[BlackClock "0:00:00"]

1. Nf3 d6 2. d4 Nf6 3. b3 g6 4. Bb2 Bg7 5. e3 O-O 6. Be2 b6 7. O-O Bb7 8. c4 c5 9. d5 Na6 10. Nc3 Nc7 11. Qc2 e5 12. dxe6 Nxe6 13. Rfd1 Qe7 14. Nd5 Bxd5 15. cxd5 Nc7 16. Ne1 Rad8 17. Bf3 Rfe8 18. a4 a5 19. Qc4 h5 20. Nd3 g5 21. h3 g4 22. hxg4 hxg4 23. Bxg4 Nxg4 24. Qxg4 f6 25. Nf4 Qf7 26. Rd2 Re4 27. Qf3 Rde8 28. Ne6 R4xe6 29. dxe6 Rxe6 30. Rad1 d5 31. Qg3 Kf8 32. Rxd5 Nxd5 33. Rxd5 f5 34. Bxg7+ Qxg7 35. Rd8+ Kf7 36. Rd7+ 1-0


[Site "https://www.chess.com"]

[Event "Titled Tuesday Blitz May 9 Early 2023"]
[White "Sailer, Mike"]
[Black "The_Sherman_Variation"]
[WhiteFideId "2012901"]
[WhiteElo "2109"]
[BlackElo "2529"]
[Result "1-0"]
[Round "01"]
[TimeControl "180+2"]
[Date "2023.05.09"]
[WhiteClock "0:00:10"]
[BlackClock "0:00:17"]

1. d4 a5 2. e4 a4 3. f4 e6 4. Nf3 c5 5. c3 Qa5 6. Na3 cxd4 7. Nc4 Qc7 8. cxd4 b5 9. Ne3 Ba6 10. Bd2 Nf6 11. Rc1 Qb7 12. e5 Nd5 13. Bd3 Nxe3 14. Bxe3 Bb4+ 15. Kf2 Nc6 16. Be4 O-O 17. Qc2 Rac8 18. Bxh7+ Kh8 19. Be4 Qb8 20. Qd1 Bb7 21. Ng5 g6 22. h4 Kg7 23. h5 Rh8 24. h6+ Kf8 25. Qd3 Ne7 26. Qxb5 Bxe4 27. Qxb8 Rxb8 28. Nxe4 Nd5 29. Nf6 Nxf6 30. exf6 Ba5 31. d5 Rxb2+ 32. Kf3 Rb8 33. h7 Bd8 34. Bc5+ Ke8 35. Bd4 Rb4 36. Be5 Rb5 37. d6 Rb8 38. Rc4 a3 39. Ra4 Bb6 40. Rxa3 Bd8 41. Rb3 Ra8 42. a3 Rc8 43. Ke3 Ra8 44. Kd3 Rc8 45. a4 Ra8 46. Ra3 Ra5 47. Kc4 Bb6 48. Kb4 Ra8 49. Kb5 Bf2 50. a5 Kd8 51. a6 Kc8 52. Kc4 Kb8 53. Bd4 Bxd4 54. Kxd4 Ka7 55. Ke4 Rab8 56. Kf3 Rb6 57. Kg4 Rxd6 58. Kg5 Rb6 59. Kh6 Rbb8 60. Kg7 Rbf8 61. Rc1 d5 62. Rc7+ Ka8 63. a7 d4 64. Rxf7 Rxf7+ 65. Kxf7 Rxh7+ 66. Kxg6 Rd7 67. f7 Rd8 68. Kg7 d3 69. f8=Q Rxf8 70. Kxf8 d2 71. Rd3 1-0


[Site "https://www.chess.com"]

[Event "Titled Tuesday Blitz May 9 Early 2023"]
[White "Winkels, Marcel"]
[Black "Baghdasaryan, Vahe"]
[WhiteFideId "1003887"]
[BlackFideId "13303139"]
[WhiteElo "1900"]
[BlackElo "2216"]
[Result "0-1"]
[Round "01"]
[TimeControl "180+2"]
[Date "2023.05.09"]
[WhiteClock "0:00:00"]
[BlackClock "0:00:26"]

1. d4 d5 2. Nc3 Nf6 3. Bf4 g6 4. e3 Bg7 5. h4 c5 6. Nb5 O-O 7. Nc7 cxd4 8. Nxa8 dxe3 9. fxe3 e5 10. Bxe5 Nc6 11. Bf4 Nh5 12. Qf3 Bxb2 13. Rb1 Bc3+ 14. Kf2 Bf5 15. Bd3 Qd7 16. Bxf5 Qxf5 17. Nc7 Nxf4 18. Qxf4 Qxc2+ 19. Ne2 Be5 20. Qh6 Bxc7 21. h5 Ne5 22. Qg5 h6 23. Qh4 g5 24. Qd4 Qf5+ 25. Kg1 Qxb1+ 26. Kh2 Nf3+ 27. Kh3 Qxh1+ 0-1


[Site "https://www.chess.com"]

[Event "Titled Tuesday Blitz May 9 Early 2023"]
[White "Petrovic, Aleksa"]
[Black "Van Baar, Esper"]
[WhiteFideId "967629"]
[BlackFideId "1049321"]
[WhiteElo "2309"]
[BlackElo "2129"]
[Result "0-1"]
[Round "01"]
[TimeControl "180+2"]
[Date "2023.05.09"]
[WhiteClock "0:00:02"]
[BlackClock "0:00:02"]

1. e4 c5 2. Nf3 d6 3. Bc4 e6 4. O-O Nf6 5. Re1 Be7 6. c3 d5 7. exd5 exd5 8. Bb5+ Bd7 9. Bxd7+ Qxd7 10. d4 O-O 11. dxc5 Bxc5 12. Be3 Bxe3 13. Rxe3 Nc6 14. Nbd2 d4 15. Rd3 Qf5 16. Nb3 dxc3 17. Rxc3 Rad8 18. Qf1 Rfe8 19. h3 Ne4 20. Re3 Ng5 21. Rae1 Nxf3+ 22. Rxf3 Qc2 23. Rxe8+ Rxe8 24. Kh2 Qxb2 25. Qb5 Qe5+ 26. Qxe5 Rxe5 27. Rd3 Kf8 28. Rd7 Re7 29. Rd6 Ke8 30. Nc5 Nd8 31. Kg3 Ne6 32. Nb3 Rd7 33. Rxd7 Kxd7 34. f4 g6 35. Kf3 Kc6 36. g4 Nc5 37. Nd4+ Kd5 38. Nb5 a6 39. Nc7+ Kc4 40. Ne8 b5 41. Nd6+ Kc3 42. Nxf7 b4 43. Nd6 a5 44. f5 gxf5 45. gxf5 a4 46. Nb5+ Kb2 47. f6 Kxa2 48. f7 Nd7 49. Ke4 b3 50. Kd3 b2 51. Nc3+ Kb3 52. Nb1 a3 53. Nd2+ Kb4 54. Kc2 Nf8 55. Kb1 Kc3 56. Ne4+ Kb3 57. Nd2+ Kc3 58. Ne4+ Kd4 59. Nd2 Kd3 60. Nb3 Kc3 61. Ka2 Kc2 62. Nd4+ Kc1 63. Nb3+ Kc2 64. Nd4+ Kd3 65. Nf3 Kc2 66. Ne5 b1=Q+ 67. Kxa3 Qb3# 0-1


[Site "https://www.chess.com"]

[Event "Titled Tuesday Blitz May 9 Early 2023"]
[White "Vidruska, Renate"]
[Black "Chernomordik, Pavel"]
[WhiteFideId "11601841"]
[BlackFideId "2804530"]
[WhiteElo "1976"]
[BlackElo "2193"]
[Result "1-0"]
[Round "01"]
[TimeControl "180+2"]
[Date "2023.05.09"]
[WhiteClock "0:00:17"]
[BlackClock "0:00:00"]

1. e4 g6 2. d4 Bg7 3. Nc3 d6 4. Nf3 a6 5. a4 b6 6. Bd3 Bb7 7. O-O Nd7 8. Ne2 e6 9. c3 c5 10. Re1 Qc7 11. Bf4 e5 12. dxe5 dxe5 13. Bg3 Ngf6 14. Qc2 O-O 15. b3 Nh5 16. Qd2 Rad8 17. Qe3 h6 18. h3 Rde8 19. Rad1 f5 20. exf5 gxf5 21. Bc4+ Kh7 22. Qd3 Bc6 23. Qd6 Qc8 24. Bxa6 Qa8 25. Bb5 Bxf3 26. gxf3 Ndf6 27. Bc6 Qc8 28. Bxe8 Nxe8 29. Qd7 Qa8 30. Kg2 f4 31. Bh4 e4 32. Qd5 exf3+ 33. Qxf3 Nef6 34. Qxa8 Rxa8 35. Bxf6 Bxf6 36. Rd7+ Kg6 37. Kf3 Re8 38. Rg1+ Kf5 39. Rd6 Bg5 40. Rxb6 Nf6 41. h4 Bxh4 42. Nxf4 Ne4 43. Rh1 Nd2+ 44. Kg2 Bg5 45. Nh3 Ne4 46. Nxg5 hxg5 47. Rh7 Nxc3 48. Rc6 Ne4 49. Rf7+ Ke5 50. Rcc7 Rd8 51. Rfe7+ Kf4 52. Rf7+ Ke5 53. Rce7+ Kd4 54. Rd7+ Rxd7 55. Rxd7+ Kc3 56. Rb7 c4 57. bxc4 Kxc4 58. a5 Nc5 59. Rb8 g4 60. Rg8 Kb5 61. Rg5 Kxa5 62. Rxc5+ 1-0


[Site "https://www.chess.com"]

[Event "Titled Tuesday Blitz May 9 Early 2023"]
[White "Moore, Nicholas"]
[Black "Levine, David"]
[WhiteFideId "4303709"]
[BlackFideId "2011611"]
[WhiteElo "2523"]
[BlackElo "2122"]
[Result "1-0"]
[Round "01"]
[TimeControl "180+2"]
[Date "2023.05.09"]
[WhiteClock "0:00:19"]
[BlackClock "0:00:00"]

1. d4 d5 2. c4 dxc4 3. e3 Nf6 4. Bxc4 e6 5. Nf3 c5 6. O-O Nc6 7. Qe2 cxd4 8. Rd1 Be7 9. exd4 O-O 10. Nc3 Nb4 11. Ne5 Bd7 12. Bg5 Bc6 13. a3 Nbd5 14. Nxc6 bxc6 15. Rac1 a5 16. Ba2 Rb8 17. Bb1 Qb6 18. Rd2 Rfd8 19. Bh4 Nxc3 20. Rxc3 Rxd4 21. Rxd4 Qxd4 22. Bg3 Rd8 23. Bc2 c5 24. h3 1-0


[Site "https://www.chess.com"]

[Event "Titled Tuesday Blitz May 9 Early 2023"]
[White "Stead, Kerry"]
[Black "HamedWafa4"]
[WhiteFideId "3202577"]
[WhiteElo "1997"]
[BlackElo "2522"]
[Result "0-1"]
[Round "01"]
[TimeControl "180+2"]
[Date "2023.05.09"]
[WhiteClock "0:00:00"]
[BlackClock "0:01:57"]

1. d4 Nf6 2. f3 d5 3. e4 dxe4 4. Nc3 Bf5 5. fxe4 Nxe4 6. Qf3 Nxc3 7. bxc3 e6 8. Qxb7 Nd7 9. Bb5 Bd6 10. Bxd7+ Kxd7 11. Nf3 Ke7 12. O-O Re8 13. Ng5 h6 14. Nf3 Kf8 15. Ne5 Kg8 16. Qf3 c5 17. Bf4 cxd4 18. cxd4 Rc8 0-1


[Site "https://www.chess.com"]

[Event "Titled Tuesday Blitz May 9 Early 2023"]
[White "Horak, Martin"]
[Black "Hartikainen, Jarmo"]
[WhiteFideId "367095"]
[BlackFideId "503134"]
[WhiteElo "2091"]
[BlackElo "2111"]
[Result "1-0"]
[Round "01"]
[TimeControl "180+2"]
[Date "2023.05.09"]
[WhiteClock "0:00:48"]
[BlackClock "0:00:03"]

1. e4 c5 2. Nf3 Nc6 3. d4 cxd4 4. Nxd4 Nf6 5. Nc3 d6 6. Bg5 Bd7 7. f4 a6 8. Qd3 e6 9. O-O-O Be7 10. Nf3 Qc7 11. e5 dxe5 12. fxe5 Ng4 13. Bxe7 Kxe7 14. Ne4 b5 15. Qc3 Ngxe5 16. Qc5+ Kd8 17. Nd6 Nxf3 18. Nxf7+ Kc8 19. Nd6+ Kb8 20. gxf3 Rd8 21. Bh3 Na5 22. Qd4 Nc4 23. Nxc4 bxc4 24. Bxe6 Bxe6 25. Qxd8+ Qxd8 26. Rxd8+ Kb7 27. Rxa8 Kxa8 28. c3 Bf5 29. Kd2 Kb7 30. Ke3 Kc6 31. Kd4 Bd3 32. Re1 Kd6 33. f4 g6 34. h4 h5 35. a3 1-0


[Site "https://www.chess.com"]

[Event "Titled Tuesday Blitz May 9 Early 2023"]
[White "Aung Thant Zin"]
[Black "Shuvalov, Evgenij"]
[WhiteFideId "13000063"]
[BlackFideId "4187237"]
[WhiteElo "2278"]
[BlackElo "2080"]
[Result "1-0"]
[Round "01"]
[TimeControl "180+2"]
[Date "2023.05.09"]
[WhiteClock "0:00:57"]
[BlackClock "0:00:42"]

1. e4 e6 2. d4 d5 3. Nc3 Bb4 4. exd5 exd5 5. Bd3 Nc6 6. Ne2 Bg4 7. O-O Nxd4 8. f3 Nxe2+ 9. Qxe2+ Be6 10. f4 Bxc3 11. bxc3 Qe7 12. f5 Bd7 13. Qf2 Nf6 14. a4 b6 15. Re1 Ne4 16. Bxe4 dxe4 17. Qf4 Bc6 18. Ba3 Qf6 19. Qxc7 Rd8 20. Rad1 Rxd1 21. Rxd1 1-0


[Site "https://www.chess.com"]

[Event "Titled Tuesday Blitz May 9 Early 2023"]
[White "Cramling Bellon, Anna"]
[Black "Spalir, Jernej"]
[WhiteFideId "32009232"]
[BlackFideId "14606518"]
[WhiteElo "1976"]
[BlackElo "2282"]
[Result "0-1"]
[Round "01"]
[TimeControl "180+2"]
[Date "2023.05.09"]
[WhiteClock "0:00:00"]
[BlackClock "0:00:52"]

1. e3 e5 2. d3 d5 3. Ne2 Nc6 4. Nd2 Nf6 5. Ng3 Bd6 6. Nb3 O-O 7. e4 d4 8. c3 Re8 9. Be2 a5 10. a4 Be6 11. O-O dxc3 12. bxc3 Qe7 13. Be3 Rad8 14. Rb1 b6 15. d4 exd4 16. Nxd4 Nxd4 17. cxd4 Bb4 18. Bd3 Bd7 19. e5 Nd5 20. Qh5 g6 21. Qh6 Nxe3 22. fxe3 Qf8 23. Qxf8+ Rxf8 24. Ne4 Kg7 25. Nf6 Bxa4 26. h4 h5 27. Ne4 Bd7 28. Ng5 Be7 29. Bc4 Bxg5 30. hxg5 Be6 31. Bxe6 fxe6 32. Rbc1 Rxf1+ 33. Kxf1 Rc8 34. Ke2 Kf7 35. Kd3 Ke7 36. Ke4 a4 37. d5 a3 38. Ra1 Ra8 39. dxe6 Kxe6 40. Kd4 Ra4+ 41. Kc3 Kxe5 42. Kb3 Ra5 0-1


[Site "https://www.chess.com"]

[Event "Titled Tuesday Blitz May 9 Early 2023"]
[White "Santos Flores, Alberto"]
[Black "Maranhao,Jose Renato Ruiz"]
[WhiteFideId "3601234"]
[BlackFideId "2135175"]
[WhiteElo "2235"]
[BlackElo "1970"]
[Result "1-0"]
[Round "01"]
[TimeControl "180+2"]
[Date "2023.05.09"]
[WhiteClock "0:01:17"]
[BlackClock "0:00:00"]

1. d4 d5 2. Bf4 Nf6 3. e3 c5 4. c3 Qb6 5. Qb3 c4 6. Qc2 Nc6 7. Nd2 g6 8. Ngf3 Bf5 9. Qc1 Bg7 10. Nh4 Bd7 11. Be2 h6 12. Nhf3 O-O 13. Ne5 Bf5 14. g4 Nxe5 15. gxf5 Nd3+ 16. Bxd3 cxd3 17. fxg6 fxg6 18. O-O Qe6 19. Kh1 Qh3 20. Qd1 Ng4 21. Qf3 Qxf3+ 22. Nxf3 g5 23. h3 Nxf2+ 24. Rxf2 gxf4 25. exf4 Rxf4 26. Raf1 Raf8 27. Kg2 h5 28. Rd2 e5 29. dxe5 Bxe5 30. Rxd3 1-0


[Site "https://www.chess.com"]

[Event "Titled Tuesday Blitz May 9 Early 2023"]
[White "Maluco_do_Natal_00"]
[Black "Shvedova, Alexandra"]
[BlackFideId "54154782"]
[WhiteElo "2024"]
[BlackElo "1973"]
[Result "0-1"]
[Round "01"]
[TimeControl "180+2"]
[Date "2023.05.09"]
[WhiteClock "0:00:00"]
[BlackClock "0:01:26"]

1. e4 c6 2. d4 d5 3. Nc3 dxe4 4. Nxe4 Nf6 5. Nxf6+ exf6 6. c3 Bd6 7. Qc2 O-O 8. Bd3 h6 9. Ne2 Qc7 10. Be3 Nd7 11. O-O-O Nb6 12. c4 c5 13. d5 Nd7 14. f4 a6 15. Kb1 Re8 16. Qd2 b5 17. Rhe1 bxc4 18. Bxc4 Nb6 19. Bb3 c4 20. Bxb6 Qxb6 21. Bxc4 Bf5+ 22. Ka1 Rab8 23. Bb3 a5 24. Nc3 Rec8 25. Qd4 Bc5 26. Qa4 Bb4 27. Rc1 Qd4 28. Red1 Qxf4 29. g3 Qe3 30. d6 Bxc3 31. bxc3 Rxc3 32. Qd4 Rxc1+ 33. Kb2 Qxd4+ 34. Rxd4 Rcc8 35. d7 Rd8 0-1


[Site "https://www.chess.com"]

[Event "Titled Tuesday Blitz May 9 Early 2023"]
[White "Pham, Le Thao Nguyen"]
[Black "Castillo Pena, Patricia Evarista"]
[WhiteFideId "12401226"]
[BlackFideId "6412106"]
[WhiteElo "2286"]
[BlackElo "1919"]
[Result "1-0"]
[Round "01"]
[TimeControl "180+2"]
[Date "2023.05.09"]
[WhiteClock "0:00:08"]
[BlackClock "0:00:00"]

1. d4 d5 2. Nf3 Nf6 3. Bf4 c5 4. e3 Nc6 5. Nbd2 Bf5 6. dxc5 e6 7. Nd4 Bxc5 8. Nxf5 exf5 9. c3 O-O 10. Be2 Bd6 11. Bxd6 Qxd6 12. g3 Rfe8 13. O-O Rad8 14. Nf3 Ne4 15. Bb5 a6 16. Ba4 b5 17. Bb3 Na5 18. Nd4 g6 19. a4 b4 20. cxb4 Qxb4 21. Bc2 Qd6 22. Bd3 Nc4 23. Qe2 Rb8 24. b3 Ncd2 25. Bxe4 Nxe4 26. Rfc1 Rec8 27. Qe1 Kg7 28. Rxc8 Rxc8 29. Rc1 Rxc1 30. Qxc1 Qb4 31. Kg2 Qd2 32. Qxd2 Nxd2 33. b4 Nc4 34. Nc6 Kf6 35. Nb8 a5 36. bxa5 Nxa5 37. Kf3 Ke7 38. Ke2 Kd6 39. Kd3 g5 40. Na6 h5 41. f4 gxf4 42. gxf4 f6 43. h4 Nb3 44. Nb4 Nc5+ 45. Kd4 Nxa4 46. Nxd5 Ke6 47. Nc7+ Kd6 48. Ne8+ Ke6 49. Ng7+ Kd6 50. Nxf5+ Ke6 51. Ng7+ Kf7 52. Nxh5 Nb6 53. Ng3 Nd7 54. Ke4 Nc5+ 55. Kf5 Nd7 56. e4 Nc5 57. h5 1-0


[Site "https://www.chess.com"]

[Event "Titled Tuesday Blitz May 9 Early 2023"]
[White "Vargas, Mauricio"]
[Black "Rodchenkov, Sergey D."]
[WhiteFideId "4404572"]
[BlackFideId "4168712"]
[WhiteElo "1986"]
[BlackElo "2277"]
[Result "0-1"]
[Round "01"]
[TimeControl "180+2"]
[Date "2023.05.09"]
[WhiteClock "0:00:03"]
[BlackClock "0:01:43"]

1. e4 c5 2. Nc3 d6 3. f4 g6 4. Nf3 Bg7 5. Bb5+ Bd7 6. Bxd7+ Qxd7 7. d3 Nc6 8. Bd2 e6 9. O-O Nge7 10. a3 Rc8 11. Ne2 Bxb2 12. Ra2 Bg7 13. Qe1 Nd4 14. c3 Nxe2+ 15. Qxe2 h6 16. Kh1 O-O 17. Qf2 f5 18. Re1 fxe4 19. dxe4 d5 20. Qg3 dxe4 21. Rxe4 Qd5 22. Be3 Qxe4 23. Re2 Rcd8 24. Re1 Qf5 25. Nh4 Qf7 26. Bxc5 Nf5 27. Nxf5 Qxf5 28. Bxf8 Rxf8 29. Qf3 Qxf4 30. Qxb7 Qf1+ 31. Rxf1 Rxf1# 0-1


[Site "https://www.chess.com"]